 Dungeon Crawl Stone Soup version 0.14-a0-2939-ge0b1554 (webtiles) character file.

982 Amnesiac the Chiller (level 7, -12/46 HPs)
             Began as a Mummy Ice Elementalist on Mar 3, 2014.
             Mangled by an orc
             ... wielding a +1,+0 hand axe of distortion
              (13 damage)
             ... on Level 6 of the Dungeon.
             The game lasted 00:30:48 (7185 turns).

Amnesiac the Chiller (Mummy Ice Elementalist)       Turns: 7185, Time: 00:30:48

HP -12/46        AC  3     Str 11      XL: 7   Next: 54%
MP  15/17        EV 12     Int 16      God:
Gold 206         SH  0     Dex 12      Spells:  3 memorised,  7 levels left

rFire  x . .     SeeInvis +     i - +3 dagger (venom)
rCold  + + .     Clarity  .     p - +1 robe
rNeg   + + +     Conserve .     (no shield)
rPois  +         rCorr    .     (no helmet)
rElec  .         rRot     +     (no cloak)
SustAb . .       Spirit   .     (no gloves)
rMut   .         Warding  .     (no boots)
Saprov . . .     Stasis   .     (no amulet)
MR     .....                    n - ring of protection from cold {unknown}
                                m - ring of see invisible

@: about to teleport, not resistant to hostile enchantments, unstealthy
A: no food or potions, fire vulnerability, restore body, cold resistance 1, life
protection 3, poison resistance, torment resistance, unbreathing
a: no special abilities


You were on level 6 of the Dungeon.
You were not hungry.

You visited 1 branch of the dungeon, and saw 6 of its levels.

You collected 206 gold pieces.

Inventory:

Hand weapons
 i - a +3,+3 dagger of venom (weapon)
Missiles
 o - 17 poisoned needles
Armour
 p - a +1 robe (worn)
Scrolls
 a - a scroll of immolation {unknown}
 c - a scroll of remove curse
 d - 4 scrolls of identify
 e - a scroll of enchant armour
 f - a scroll of silence {unknown}
 g - 2 scrolls of recharging
 j - 2 scrolls of teleportation
Jewellery
 m - a ring of see invisible (left hand)
 n - a ring of protection from cold (right hand) {unknown}
Books
 b - a book of Frost

   Spells                             Type                      Level
   *Freeze                            Ice                          1
   *Throw Frost                       Conjuration/Ice              2
   Ozocubu's Armour                   Charms/Ice                   3
   *Throw Icicle                      Conjuration/Ice              4
   Summon Ice Beast                   Ice/Summoning                4
   Condensation Shield                Ice                          4


   Skills:
 - Level 1.5 Dodging
 - Level 1.5 Stealth
 - Level 4.2 Spellcasting
 - Level 1.0 Conjurations
 * Level 6.5 Ice Magic


You had 7 spell levels left.
You knew the following spells:

 Your Spells              Type           Power        Failure   Level  Hunger
a - Throw Icicle          Conj/Ice       ###.....     38%         4    N/A
f - Throw Frost           Conj/Ice       ###...       8%          2    N/A
z - Freeze                Ice            ###.         1%          1    N/A

Dungeon Overview and Level Annotations

Branches:
Dungeon (6/16)
 Temple: D:4-7

Altars:
Dithmenos
Elyvilon
Fedhas
Makhleb
Xom
The Shining One

Annotations:
D:5 Dowan; Duvessa; Pikel; fino's ghost, experienced TeFi


Innate Abilities, Weirdness & Mutations

You do not eat or drink.
Your flesh is vulnerable to fire.
Your flesh is cold resistant.
You are immune to negative energy.
Your system is resistant to poisons.
You are immune to unholy pain and torment.
You can survive without breathing.


Message History

Casting: Freeze
Confirm with . or Enter, or press ? or * to list all spells.
Aiming: Freeze
Press: ? - help, Shift-Dir - straight line, f/p - adder
Aim: an adder (severely wounded, moving slowly)
You freeze the adder.
You kill the adder!
The orc hits you but does no damage.
Read which item? (? for menu, Esc to quit)
As you read the scroll of teleportation, it crumbles to dust.
You feel strangely unstable. The orc hits you with a mace.
The orc priest utters an invocation to Beogh.
You feel troubled. The orc hits you with a mace.
* * * LOW HITPOINT WARNING * * *
The orc hits you with a mace.
* * * LOW HITPOINT WARNING * * *
The orc hits you with a glowing hand axe.
* * * LOW HITPOINT WARNING * * *
Space warps horribly around you!
You die...

#.##...So.#
#.##......# .
#....<.# #......#
#..?...# #o.....#
#......# #o.....#
#.@....# #.
#oo%...# #.
#.o....#
###.##.o....##
................
.................
..................
.....$............$
....$...<.......>..


You could see an orc priest, an orc wizard and 4 orcs.

Vanquished Creatures
  The ghost of Herrn the Insei, an average DsTm (D:4)
  A slave (D:4)
  A centaur (D:5)
  A crimson imp (D:5)
  4 hounds
  A scorpion (D:4)
  A jelly (D:5)
  2 iguanas
  2 worker ants
  An orc wizard (D:4)
  An ogre skeleton (D:4)
  Terence (D:3)
  5 adders
  An inept item mimic (D:2)
  2 giant mites
  A worm (D:2)
  An adder skeleton (D:4)
  2 giant geckos
  7 oozes
  18 orcs
  8 giant cockroaches
  16 goblins
  12 hobgoblins
  8 jackals
  10 kobolds
  4 quokkas
  5 bats
  3 giant newts (D:1)
  2 orc skeletons (D:4)
  6 rats
128 creatures vanquished.

Vanquished Creatures (others)
  3 hounds (D:4)
  An orc wizard (D:4)
  A worker ant (D:4)
  A jackal (D:4)
  3 bats (D:4)
9 creatures vanquished.

Grand Total: 137 creatures vanquished

Notes
Turn   | Place    | Note
--------------------------------------------------------------
     0 | D:1      | Amnesiac, the Mummy Ice Elementalist, began the quest for the Orb.
     0 | D:1      | Reached XP level 1. HP: 13/13 MP: 3/3
   260 | D:1      | Reached XP level 2. HP: 16/19 MP: 0/4
   318 | D:1      | Reached skill level 3 in Ice Magic
   734 | D:1      | Reached XP level 3. HP: 18/24 MP: 0/6
  1356 | D:1      | Reached XP level 4. HP: 27/30 MP: 4/8
  1861 | D:2      | Reached skill level 4 in Ice Magic
  2004 | D:2      | Learned a level 2 spell: Throw Frost
  2498 | D:2      | Reached XP level 5. HP: 35/35 MP: 11/11
  2726 | D:3      | Noticed Terence
  2950 | D:4      | Reached skill level 1 in Conjurations
  3207 | D:4      | Found a burning altar of Makhleb.
  3213 | D:4      | Found a glowing golden altar of the Shining One.
  3577 | D:3      | Found a blossoming altar of Fedhas.
  3579 | D:3      | Noticed a centaur
  4079 | D:4      | Noticed Herrn's ghost (average DsTm)
  4121 | D:3      | Killed Terence
  4492 | D:5      | Entered Level 5 of the Dungeon
  4492 | D:5      | Noticed an ice beast
  4510 | D:5      | Reached XP level 6. HP: 15/41 MP: 0/13
  4635 | D:5      | Noticed fino's ghost (experienced TeFi)
  4775 | D:4      | Reached skill level 5 in Ice Magic
  5014 | D:4      | Noticed a phantom
  5025 | D:4      | Found a shimmering altar of Xom.
  5241 | D:4      | Killed Herrn's ghost
  5241 | D:4      | Reached XP level 7. HP: 42/46 MP: 2/17
  5457 | D:4      | Learned a level 4 spell: Throw Icicle
  6315 | D:5      | Noticed Duvessa
  6315 | D:5      | Noticed Dowan
  6484 | D:5      | Noticed Pikel
  6484 | D:5      | Noticed a slave
  6484 | D:5      | Noticed a slave
  6484 | D:5      | Noticed a slave
  6484 | D:5      | Noticed a slave
  6515 | D:4      | Killed a slave
  6743 | D:5      | Reached skill level 6 in Ice Magic
  6803 | D:5      | Found a white marble altar of Elyvilon.
  6859 | D:5      | Found a shadowy altar of Dithmenos.
  7185 | D:6      | HP: 1/46 [orc/glowing hand axe (3)]
  7185 | D:6      | Mangled by an orc

Action                   |  1- 3 |  4- 6 |  7- 9 || total
-------------------------+-------+-------+-------++-------
Melee: Unarmed           |    13 |    17 |       ||    30
       Dagger            |       |    41 |    26 ||    67
 Cast: Freeze            |    57 |    94 |    32 ||   183
       Throw Frost       |       |    94 |    19 ||   113
       Throw Icicle      |       |       |    10 ||    10
  Use: Scroll            |       |     1 |    10 ||    11
 Stab: Sleeping          |       |     1 |     1 ||     2
